 Dungeon Crawl Stone Soup version 0.21-a0-578-gc6e9d75 (webtiles) character file.

64 kae the Insei (level 3, -3/29 HPs)
             Began as a Draconian Transmuter on Dec 18, 2017.
             Slain by 4thArraOfDagon's ghost (6 damage)
             ... on level 3 of the Dungeon.
             The game lasted 00:02:47 (2524 turns).

kae the Insei (Draconian Transmuter)                Turns: 2524, Time: 00:02:48

Health: -3/29      AC:  7    Str: 10 (12) XL:     3   Next: 91%
Magic:  6/6        EV: 12    Int: 12 (13) God:
Gold:   54         SH:  0    Dex:  9 (12) Spells: 5/6 levels left

rFire    . . .     SeeInvis .   d - +0 club
rCold    . . .     Gourm    .   (no shield)
rNeg     . . .     Faith    .   (armour unavailable)
rPois    .         Spirit   .   k - +0 hat
rElec    .         Reflect  .   h - +1 cloak
rCorr    .         Harm     .   (no gloves)
MR       .....                  (no boots)
Stlth    +.........             (no amulet)
HPRegen  0.09/turn              (no ring)
MPRegen  0.10/turn              (no ring)

@: hasted, very quick
A: unfitting armour, cold-blooded, AC +5
a: no special abilities


You were on level 3 of the Dungeon.
You were not hungry.

You visited 1 branch of the dungeon, and saw 3 of its levels.

You collected 54 gold pieces.

Inventory:

Hand Weapons
 d - a +0 club (weapon)
Missiles
 a - 12 arrows
Armour
 h - a +1 cloak (worn)
 k - a +0 hat (worn)
Scrolls
 f - a scroll of identify
 i - a scroll of enchant armour {unknown}
 l - a scroll of fear {unknown}
Potions
 j - 2 potions of curing
Books
 b - a book of Changes

   Spells                             Type                      Level
   a - Beastly Appendage              Transmutation                1
   b - Sticks to Snakes               Transmutation                2
   c - Spider Form                    Transmutation/Poison         3
   d - Ice Form                       Ice/Transmutation            4
   e - Blade Hands                    Transmutation                5
Comestibles
 c - 3 rations
 m - 2 chunks of flesh


   Skills:
 + Level 2.0 Fighting
 + Level 2.1 Dodging
 * Level 3.6 Unarmed Combat
 + Level 2.3 Spellcasting
 + Level 2.5 Transmutations


You had 5 spell levels left.
You knew the following spells:

 Your Spells              Type           Power        Failure   Level  Hunger
a - Beastly Appendage     Tmut           #.....       10%         1    ##.....


Dungeon Overview and Level Annotations

Branches:
Dungeon (3/15)

Altars:

Annotations:
D:2 exclusion: ice beast, Sigmund
D:3 4thArraOfDagon's ghost, weakling OgAr


Innate Abilities, Weirdness & Mutations

Your plain brown scales are hard. (AC +5)
You cannot fit into any form of body armour.
You are cold-blooded and may be slowed by cold attacks.


Message History

4thArraOfDagon's ghost is heavily damaged. 4thArraOfDagon's ghost hits you.
* * * LOW HITPOINT WARNING * * *
You barely miss 4thArraOfDagon's ghost.
You punch 4thArraOfDagon's ghost. 4thArraOfDagon's ghost is severely damaged.
You hit 4thArraOfDagon's ghost but do no damage.
Your tail-slap misses 4thArraOfDagon's ghost. 4thArraOfDagon's ghost is severely damaged. 4thArraOfDagon's ghost closely misses you.
You hit 4thArraOfDagon's ghost but do no damage. 4thArraOfDagon's ghost is severely damaged. 4thArraOfDagon's ghost closely misses you.
You hit 4thArraOfDagon's ghost.
Your tail-slap misses 4thArraOfDagon's ghost. 4thArraOfDagon's ghost is almost destroyed. 4thArraOfDagon's ghost barely misses you.
You closely miss 4thArraOfDagon's ghost. 4thArraOfDagon's ghost is almost destroyed. 4thArraOfDagon's ghost hits you.
You die...

#. #.#
#.#######
#.......##
#.........
#.........
#.........
#.@.....#
###W#######.
#..>....$...
#.....W.....
#.^.........
#.?.........
#...........
#..........#
#..........#


You could see 4thArraOfDagon's ghost.

Vanquished Creatures
  An adder (D:2)
  A worm (D:2)
  A leopard gecko (D:2)
  9 bats
  3 giant cockroaches
  6 goblins
  9 hobgoblins
  2 jackals (D:1)
  6 kobolds
  4 frilled lizards
  6 rats
48 creatures vanquished.

Notes
Turn   | Place    | Note
-------+----------+-------------------------------------------
     0 | D:1      | kae the Draconian Transmuter began the quest for the Orb.
     0 | D:1      | Reached XP level 1. HP: 16/16 MP: 3/3
   343 | D:1      | Reached XP level 2. HP: 23/23 MP: 5/5
  1467 | D:2      | Reached XP level 3. HP: 17/29 MP: 4/6
  2089 | D:2      | Noticed an ice beast
  2175 | D:2      | Noticed Sigmund
  2500 | D:3      | Noticed 4thArraOfDagon's ghost (weakling OgAr)
  2524 | D:3      | Slain by 4thArraOfDagon's ghost

Vault maps used:
D:1:      dpeg_arrival_short_road, minmay_misc_feat_tower,
          corexii_item_surrounded_by_moat
D:2:      uniq_sigmund
D:3:      first_ration

Skill      XL: |  1  2  3 |
---------------+----------+-----
Dodging        | 2 |  2.1
Fighting       | 2 |  2.0
Unarmed Combat | |  3.6
Spellcasting   | |  2.3
Transmutations | |  2.5

Action                   || total
-------------------------++-------
Melee: Club              ||   210
       Unarmed           ||     8
       Tailslap          ||    21
       Punch             ||     4
       Kick              ||     3
 Cast: Beastly Appendage ||     6
  Use: Scroll            ||     5
       Potion            ||     2
  Eat: Chunk             ||     6
Armor: Skin              ||   106
Dodge: Dodged            ||   228

Table legend:
 A = Spawn XP
 B = Non-spawn XP
 C = Spawn XP percentage of total XP
 D = Spawn monster count
 E = Non-spawn monster count
 F = Spawn count percentage of total count
 G = Total turns spent on level
                    A         B        C        D         E        F      G
               +---------+---------+-------+---------+---------+-------+---------
         Total |       0 |      92 |   0.0 |       0 |      48 |   0.0 |  2524
               +---------+---------+-------+---------+---------+-------+---------
           D:1 |       0 |      41 |   0.0 |       0 |      26 |   0.0 |  1663
           D:2 |       0 |      49 |   0.0 |       0 |      21 |   0.0 |   829
           D:3 |       0 |       2 |   0.0 |       0 |       1 |   0.0 |    32
               +---------+---------+-------+---------+---------+-------+---------
